Map: Lightshade LE

Players

GunGFuBanDa

  • Race: Protoss Protoss
  • League: Grandmaster

Lambo - Winner!

  • Race: Zerg Zerg
  • League: Grandmaster

Event: DreamHack SC2 Masters 2021 Summer

VOD

Have the link to the VOD?

Description

Time

  • Played on: June 3, 2021, 11:14 a.m.
  • Length: 11:15

All games in this series

Show
View Real Time Build Order
Export as new Build Order

GunGFuBanDa Protoss 

Build Orders: 1 Gate Expand, Oracle Opening 

Get SALT Encoding   

  12  0:00  Probe  
  13  0:13  Probe  
  14  0:19  Pylon  
  14  0:25  Probe (Chrono Boost)  
  15  0:38  Probe (Chrono Boost)  
  15  0:41  Gateway  
  16  0:45  Probe (Chrono Boost)  
  17  0:52  Probe  
  17  0:55  Assimilator  
  18  1:04  Probe  
  19  1:17  Probe  
  20  1:27  Nexus  
  20  1:39  Cybernetics Core  
  20  1:40  Probe (Chrono Boost)  
  20  1:45  Assimilator  
  21  1:52  Probe (Chrono Boost)  
  22  1:55  Pylon  
  22  1:59  Probe (Chrono Boost)  
  23  2:12  Adept (Chrono Boost)  
  23  2:13  Probe  
  26  2:20  Warp Gate  
  26  2:25  Probe  
  27  2:32  Stargate  
  27  2:37  Probe  
  27  2:38  Stalker (Chrono Boost)  
  27  2:41  Probe  
  31  2:49  Probe  
  32  2:53  Probe  
  33  3:01  Probe  
  33  3:05  Probe  
  35  3:11  Gateway  
  35  3:12  Oracle (Chrono Boost)  
  35  3:13  Probe  
  35  3:17  Probe  
  35  3:18  Adept  
  42  3:23  Pylon  
  42  3:25  Probe  
  43  3:29  Probe  
  44  3:37  Probe  
  44  3:39  Oracle (Chrono Boost)  
  45  3:41  Probe  
  45  3:43  Pylon  
  49  3:49  Probe  
  49  3:53  Probe  
  51  4:02  Probe  
  52  4:05  Probe  
  52  4:09  Nexus  
  53  4:12  Pylon  
  53  4:14  Probe, Stargate  
  54  4:21  Probe  
  55  4:25  Assimilator  
  55  4:26  Probe, Assimilator  
  55  4:28  Pylon  
  56  4:39  Probe  
  56  4:40  Oracle (Chrono Boost)  
  56  4:41  Zealot x2, Shield Battery  
  56  4:43  Probe  
  65  4:51  Probe  
  66  4:55  Probe, Shield Battery  
  66  4:57  Pylon  
  70  5:01  Oracle (Chrono Boost)  
  70  5:03  Probe  
  71  5:07  Probe  
  71  5:14  Oracle (Chrono Boost)  
  75  5:15  Probe  
  75  5:19  Probe  
  77  5:22  Probe  
  77  5:27  Forge  
  77  5:28  Probe  
  82  5:31  Probe  
  82  5:33  Oracle (Chrono Boost)  
  82  5:35  Probe  
  84  5:40  Probe, Robotics Facility  
  85  5:43  Probe, Pylon  
  85  5:47  Probe  
  87  5:51  Protoss Ground Weapons Level 1 (Chrono Boost)  
  87  5:52  Probe  
  87  5:55  Probe  
  89  5:57  Sentry  
  89  5:59  Probe, Assimilator  
  89  6:01  Pylon, Assimilator  
  93  6:04  Probe  
  93  6:07  Probe  
  93  6:11  Probe, Pylon  
  95  6:16  Probe  
  95  6:17  Twilight Council  
  96  6:19  Probe  
  96  6:21  Photon Cannon  
  96  6:22  Gateway  
  96  6:23  Probe, Pylon  
  96  6:24  Gateway  
  98  6:26  Gateway, Immortal (Chrono Boost)  
  102  6:34  Robotics Bay  
  102  6:43  Stalker x2  
  106  6:52  Blink (Chrono Boost)  
  106  6:53  Photon Cannon  
  106  6:55  Pylon  
  106  6:58  Immortal  
  103  7:11  Probe  
  103  7:12  Stalker, Sentry  
  108  7:20  Shield Battery  
  108  7:21  Stalker x2  
  108  7:22  Stalker  
  114  7:23  Pylon  
  114  7:26  Pylon  
  114  7:32  Protoss Ground Weapons Level 2 (Chrono Boost)  
  114  7:33  Photon Cannon  
  114  7:36  Disruptor, Stalker, Sentry  
  121  7:46  Nexus  
  121  7:48  Pylon  
  121  7:49  Gateway  
  121  7:51  Gateway  
  121  7:52  Stalker x2  
  121  7:53  Gateway  
  121  7:55  Pylon  
  121  7:56  Stalker  
  125  8:05  Shield Battery, Stalker  
  125  8:15  Probe  
  120  8:25  Probe  
  120  8:26  Stalker x4  
  111  8:38  Probe x2  
  111  8:39  Probe, Stalker  
  115  8:41  Phoenix (Chrono Boost)  
  115  8:45  Stalker  
  115  8:46  Stalker  
  121  8:50  Probe  
  121  8:53  Stalker x3  
  128  9:00  Probe x2  
  128  9:02  Probe  
  113  9:12  Probe  
  113  9:13  Probe  
  113  9:14  Probe  
  112  9:29  Disruptor (Chrono Boost)  
  109  9:35  Probe x3  
  114  9:47  Probe  
  114  9:50  Stalker x2, Sentry x2  
  123  9:54  Shield Battery  
  123  9:55  Shield Battery  
  123  9:56  Pylon  
  123  10:04  Probe  
  123  10:06  Probe, Pylon  
  123  10:07  Probe  
  126  10:11  Photon Cannon  
  126  10:13  Disruptor  
  109  10:37  Stalker x7  
  116  11:06  Photon Cannon, Stalker x4  
Show
View Real Time Build Order
Export as new Build Order

Lambo Zerg - Winner!

Build Orders: Hatch First 

Get SALT Encoding   

  12  0:00  Drone  
  13  0:12  Overlord  
  13  0:16  Drone  
  14  0:30  Drone x2  
  16  0:41  Drone  
  17  0:51  Hatchery  
  17  0:53  Drone  
  17  0:59  Drone  
  18  1:10  Extractor  
  17  1:13  Spawning Pool  
  17  1:16  Drone  
  17  1:21  Drone  
  18  1:29  Drone  
  19  1:40  Drone  
  20  1:49  Overlord  
  20  2:00  Queen  
  22  2:02  Queen  
  22  2:03  Drone  
  22  2:04  Zergling x2  
  26  2:10  Metabolic Boost  
  26  2:11  Zergling x2  
  26  2:14  Drone  
  28  2:21  Drone  
  29  2:26  Drone  
  30  2:33  Hatchery  
  30  2:35  Drone  
  30  2:38  Drone  
  31  2:45  Overlord  
  31  2:49  Queen  
  33  2:53  Drone  
  33  2:57  Drone  
  36  2:58  Drone  
  36  3:05  Queen  
  38  3:07  Drone  
  38  3:09  Drone  
  38  3:10  Overlord  
  40  3:13  Drone  
  41  3:20  Drone x2  
  41  3:24  Overlord  
  41  3:25  Drone  
  44  3:29  Drone  
  44  3:30  Drone  
  44  3:31  Queen  
  48  3:36  Zergling x4  
  48  3:41  Drone  
  51  3:43  Drone x3  
  51  3:47  Roach Warren  
  53  3:52  Queen  
  53  3:53  Drone  
  55  3:57  Zergling x4  
  57  4:05  Drone x3  
  57  4:06  Queen  
  62  4:10  Drone x2  
  62  4:11  Overlord  
  62  4:15  Spore Crawler  
  63  4:17  Spore Crawler  
  63  4:18  Spore Crawler  
  63  4:22  Drone x2  
  62  4:25  Drone x3  
  62  4:27  Drone  
  66  4:32  Drone  
  66  4:34  Drone x2  
  67  4:39  Drone x3  
  67  4:43  Extractor  
  67  4:44  Extractor  
  69  4:45  Drone x3  
  69  4:49  Drone  
  69  4:50  Drone x2  
  69  4:52  Overlord  
  74  5:02  Overlord  
  74  5:03  Overlord  
  74  5:04  Lair, Evolution Chamber  
  73  5:08  Extractor  
  73  5:09  Extractor, Overlord  
  73  5:10  Overlord x2  
  73  5:12  Drone x3  
  73  5:13  Drone  
  75  5:15  Drone x3  
  75  5:19  Drone  
  79  5:22  Drone x2  
  79  5:23  Drone x2  
  79  5:27  Drone  
  84  5:30  Extractor  
  84  5:34  Drone  
  84  5:36  Drone  
  84  5:38  Zerg Missile Weapons Level 1  
  84  5:41  Hatchery, Overlord  
  84  5:44  Roach x3  
  84  5:46  Overlord  
  84  5:47  Roach  
  92  5:53  Overlord x2  
  92  5:55  Overlord  
  92  5:58  Overlord  
  92  6:04  Drone x2, Spore Crawler  
  93  6:06  Drone  
  93  6:07  Spire  
  93  6:09  Drone  
  93  6:10  Drone  
  95  6:12  Spore Crawler  
  95  6:16  Drone  
  95  6:17  Queen  
  97  6:19  Drone x2  
  97  6:21  Queen  
  101  6:26  Drone, Zergling x8  
  101  6:28  Overseer  
  106  6:54  Overlord  
  106  6:57  Roach x7  
  106  6:58  Overlord  
  119  7:06  Spore Crawler  
  117  7:19  Mutalisk x13  
  143  7:25  Overlord  
  143  7:28  Roach x6  
  155  7:33  Zerg Melee Weapons Level 1  
  155  7:34  Overlord  
  155  7:35  Zergling x8  
  158  7:39  Roach  
  160  7:46  Zergling x6  
  163  7:52  Roach x5  
  163  7:54  Ravager x2  
  163  7:56  Overlord x2  
  174  7:59  Zergling x2  
  174  8:00  Zergling x4  
  177  8:06  Extractor  
  177  8:07  Extractor  
  177  8:08  Zergling x12  
  174  8:17  Zergling x6  
  167  8:22  Queen  
  155  8:28  Zergling x20  
  164  8:34  Drone x6  
  168  8:47  Zergling x8  
  160  8:57  Roach x8  
  160  9:02  Roach x5  
  174  9:08  Zerg Flyer Weapons Level 1  
  166  9:11  Zergling x4  
  166  9:16  Zergling x4  
  168  9:18  Queen  
  170  9:28  Mutalisk x9  
  186  9:35  Baneling Nest  
  186  9:36  Mutalisk  
  187  9:43  Hatchery, Ravager x2  
  187  9:44  Glial Reconstitution  
  188  9:45  Mutalisk x2  
  188  9:49  Mutalisk  
  194  9:53  Zergling x12  
  194  9:59  Overlord  
  191  10:09  Zergling x4  
  191  10:10  Zergling x12  
  188  10:30  Zergling x26  
  180  10:37  Zergling x12  
  178  10:48  Mutalisk x7  
  194  10:59  Drone x6  
  199  11:04  Ravager  
Tags
 
Add a new tag
Caveats
  • Supply blocks, unpowered buildings, or Contaminate may cause inaccurate times.
  • Supply counts are checked every 10 seconds.